 Dungeon Crawl Stone Soup version 0.29.0-11-gd7f09526c8 (webtiles) character file.

Game seed: 17665720545006333753

4888 Ordine the Basher (level 10, -5/64 HPs)
             Began as a Gargoyle Fighter on Sept 4, 2022.
             Was a Believer of Okawaru.
             Slain by a two-headed ogre
             ... wielding a +0 giant club
              (21 damage)
             ... on level 9 of the Dungeon.
             The game lasted 00:19:42 (9699 turns).

Ordine the Basher (Gargoyle Fighter)                Turns: 9699, Time: 00:19:42

Health: -5/64      AC: 18    Str: 37    XL:     10   Next: 50%
Magic:  13/13      EV: 10    Int: 11    God:    Okawaru [**....]
Gold:   1356       SH:  4    Dex:  7    Spells: 9/9 levels left

rFire   . . .      SeeInvis +   b - +1 whip (venom)
rCold   . . .      Faith    .   c - +0 buckler
rNeg    + . .      Spirit   .   H - +1 ring mail of Ceupran {rElec Str+6 Dex-2 SInv}
rPois   ∞          Reflect  .   v - +2 helmet {Int+3}
rElec   +          Harm     .   (no cloak)
rCorr   .          Rampage  .   (no gloves)
Will    +....                   y - +0 pair of boots
Stlth   ..........              (no amulet)
HPRegen 0.20/turn               e - ring of willpower
MPRegen 0.13/turn               d - +6 ring of strength

@: no status effects
A: sickness immunity, AC +7, negative energy resistance 1, electricity
resistance, torment resistance 1, petrification resistance
a: Renounce Religion, Heroism


You were on level 9 of the Dungeon.
You worshipped Okawaru.
Okawaru was pleased with you.
You visited 2 branches of the dungeon, and saw 10 of its levels.

You collected 1689 gold pieces.
You spent 333 gold pieces at shops.

Inventory:

Hand Weapons
 a - a +2 flail of protection
 b - a +1 whip of venom (weapon)
 K - a +2 morningstar of holy wrath
Missiles
 l - 18 poisoned darts (quivered)
 G - a boomerang
Armour
 c - a +0 buckler (worn)
 v - a +2 helmet of intelligence (worn)
 y - a +0 pair of boots (worn)
 H - the +1 ring mail of Ceupran (worn) {rElec Str+6 Dex-2 SInv}
   (You found it on level 7 of the Dungeon)

   Str:       It affects your strength (+6).
   Dex:       It affects your dexterity (-2).
   rElec:     It insulates you from electricity.
   SInv:      It lets you see invisible.
Jewellery
 d - a +6 ring of strength (right hand)
 e - a ring of willpower (left hand)
 i - a ring of flight
 u - a ring of see invisible
 L - a ring of wizardry
Wands
 f - a wand of flame (10)
 p - a wand of mindburst (21)
 I - a wand of iceblast (8)
 J - a wand of polymorph (7)
Scrolls
 h - 2 scrolls of poison
 j - a scroll of brand weapon
 k - a scroll of enchant armour
 m - 3 scrolls of magic mapping
 n - a scroll of amnesia
 q - 2 scrolls of teleportation
 s - a scroll of summoning
 z - a scroll of fear {unknown}
 C - a scroll of blinking {unknown}
 F - 3 scrolls of vulnerability
Potions
 g - 5 potions of curing
 o - a potion of cancellation {unknown}
 r - 3 potions of flight
 t - 3 potions of lignification
 w - 2 potions of resistance {unknown}
 x - 3 potions of heal wounds {unknown}
 A - a potion of magic {unknown}
 B - a potion of ambrosia {unknown}
 D - 2 potions of mutation
 E - a potion of berserk rage {unknown}


   Skills:
 + Level 8.2 Fighting
 * Level 9.9 Maces & Flails
 + Level 5.8 Throwing
 + Level 4.2 Armour
 - Level 6.0 Shields
 + Level 4.0 Invocations
 + Level 1.9 Evocations


You had 9 spell levels left.
You didn't know any spells.
Your spell library contained the following spells:

 Spells                   Type           Power      Damage    Failure   Level
 Sting                    Tmut/Pois      0%         1d3       52%         1
 Poisonous Vapours        Pois/Air       0%         N/A       65%         2
 Corpse Rot               Necr/Pois/Air  0%         N/A       99%         4
 Olgreb's Toxic Radiance  Pois           0%         N/A       99%         4


Dungeon Overview and Level Annotations

Branches:
Dungeon (9/15)             Temple (1/1) D:6
   Lair: D:8-11         Orc: D:9-12

Altars:
Ashenzari
Cheibriados
Dithmenos
Elyvilon
Fedhas
Gozag
Hepliaklqana
Makhleb
Okawaru
Qazlal
Ru
Sif Muna
Trog
Vehumet
Wu Jian
Xom
Yredelemnul
Zin
The Shining One

Shops:
D:4 (   D:9 *


Innate Abilities, Weirdness & Mutations

You are immune to sickness and miasma.
Your stone body is resilient. (AC +7)
You are immune to poison.
You resist negative energy. (rN+)
You are resistant to electric shocks. (rElec)
You are resistant to unholy torment.
You are immune to petrification.


Message History

You hit the two-headed ogre but do no damage.
The two-headed ogre is moderately wounded.
You block the two-headed ogre's attack.
The two-headed ogre hits you with a +0 giant club!
You thump the two-headed ogre!
The two-headed ogre is heavily wounded.
You hit the two-headed ogre but do no damage.
The two-headed ogre is heavily wounded.
The two-headed ogre hits you with a +0 giant club.
The two-headed ogre hits you with a +0 giant club!
You are too injured to fight recklessly!
Your +2 flail of protection goes still.
Your +1 whip of venom begins to drip with poison!
b - a +1 whip of venom (weapon)
You barely miss the two-headed ogre.
The two-headed ogre is heavily wounded.
The two-headed ogre hits you with a +0 giant club.
The two-headed ogre hits you but does no damage.
You whack the two-headed ogre!
The two-headed ogre is poisoned.
The two-headed ogre is severely wounded.
You hit the two-headed ogre.
The two-headed ogre is severely wounded.
The two-headed ogre hits you but does no damage. x2
You barely miss the two-headed ogre.
The two-headed ogre is severely wounded.
You hit the two-headed ogre.
The two-headed ogre looks even sicker.
The two-headed ogre is almost dead.
You hit the two-headed ogre but do no damage.
The two-headed ogre looks as sick as possible!
The two-headed ogre is almost dead.
The two-headed ogre hits you with a +0 giant club!!
* * * LOW HITPOINT WARNING * * *
The two-headed ogre closely misses you.
Unknown command.
You feel better.
You hit the two-headed ogre.
The two-headed ogre looks as sick as possible!
The two-headed ogre is almost dead.
The two-headed ogre hits you with a +0 giant club!!
You die...

##########
#........#
###+##'##'###
#.....#.....#
#.....#.....####
.#
+##'##+##+##'..#
.#
#.O#.....#..##.#
.#
#.@#+###+#..##.#
###+#.# #..#
#..##.#### ......#
+..+ +..'......
......### #..#
#..#######
........####
#..#+###+#..#..#
............
#..#.....#..##.#
.##......####.+##+
+##'##'..#
.##.........#.#
#.....#..#
.##......##.#.#
#.....####


You could see a two-headed ogre (extremely poisoned).

Vanquished Creatures
  A cyclops (D:7)
  A hornet (D:5)
  A troll (D:6)
  4 wyverns
  A shadow (D:9)
  A yak (D:9)
  Menkaure (D:7)
  An orc warrior (D:7)
  2 sky beasts (D:6)
  3 black bears
  An ice beast (D:6)
  2 ogres (D:5)
  3 centaurs
  A kobold brigand (D:8)
  3 phantoms
  4 scorpions
  A necrophage (D:7)
  3 bullfrogs
  9 killer bees (D:9)
  2 hounds
  3 jellies
  3 orc priests
  A gnoll bouda (D:8)
  Jessica (D:3)
  3 iguanas
  3 orc wizards
  11 adders
  22 gnolls
  A shadow imp (D:5)
  2 white imps
  4 ufetubi
  A worm (D:3)
  2 dart slugs
  21 orcs
  5 bats
  3 endoplasms
  4 giant cockroaches
  5 hobgoblins
  7 jackals (D:2)
  3 quokkas
  4 ball pythons
  A frilled lizard (D:3)
  6 goblins
  16 kobolds
  2 rats (D:1)
179 creatures vanquished.

Notes
Turn   | Place    | Note
-------+----------+-------------------------------------------
     0 | D:1      | Ordine the Gargoyle Fighter began the quest for the Orb.
     0 | D:1      | Reached XP level 1. HP: 14/14 MP: 1/1
    55 | D:1      | Found a faded altar of an unknown god.
   352 | D:1      | Reached XP level 2. HP: 19/19 MP: 2/2
   970 | D:2      | Reached XP level 3. HP: 23/23 MP: 3/3
  1041 | D:2      | Reached skill level 3 in Maces & Flails
  1266 | D:2      | Reached XP level 4. HP: 22/29 MP: 4/4
  1839 | D:3      | Noticed Jessica
  1844 | D:3      | Killed Jessica
  2121 | D:3      | Found a shimmering altar of Xom.
  2208 | D:3      | Reached XP level 5. HP: 31/33 MP: 5/5
  2287 | D:4      | Reached skill level 4 in Maces & Flails
  2287 | D:4      | Reached skill level 1 in Throwing
  2299 | D:4      | Reached XP level 6. HP: 15/39 MP: 6/6
  2502 | D:4      | Noticed a black bear
  2518 | D:4      | Killed a black bear
  2560 | D:4      | Found Xeytuu's Weapon Boutique.
  2663 | D:4      | Found a blossoming altar of Fedhas.
  3283 | D:5      | Entered Level 5 of the Dungeon
  3429 | D:5      | Reached skill level 5 in Fighting
  3429 | D:5      | Reached skill level 5 in Maces & Flails
  3429 | D:5      | Reached XP level 7. HP: 16/44 MP: 7/7
  3623 | D:5      | Noticed a hornet
  3693 | D:5      | Reached skill level 5 in Shields
  3787 | D:5      | Killed a hornet
  4169 | D:5      | Reached XP level 8. HP: 46/50 MP: 8/8
  4377 | D:5      | Reached skill level 6 in Maces & Flails
  5183 | D:5      | Identified a scroll of acquirement
  5205 | D:6      | Reached skill level 7 in Maces & Flails
  5454 | D:6      | Noticed a troll
  5462 | D:6      | Killed a troll
  5463 | D:6      | Reached XP level 9. HP: 37/56 MP: 9/9
  6089 | D:6      | Reached skill level 8 in Maces & Flails
  6197 | D:6      | Found a staircase to the Ecumenical Temple.
  6206 | Temple   | Entered the Ecumenical Temple
  6301 | Temple   | Became a worshipper of Warmaster Okawaru
  6519 | D:7      | Noticed a cyclops
  6750 | D:7      | Killed a cyclops
  6751 | D:7      | Reached skill level 1 in Invocations
  6769 | D:6      | Reached * piety under Okawaru
  7008 | D:7      | Reached skill level 5 in Throwing
  7426 | D:7      | Reached skill level 9 in Maces & Flails
  7561 | D:7      | Noticed Menkaure
  7567 | D:7      | Killed Menkaure
  7641 | D:7      | Identified the +1 ring mail of Ceupran {rElec Str+6 Dex-2
                  | SInv}
  7736 | D:7      | Found an ornate altar of the Wu Jian Council.
  7774 | D:7      | Reached XP level 10. HP: 64/64 MP: 12/12
  7817 | D:7      | Reached ** piety under Okawaru
  8185 | D:8      | Acquired 1115 gold pieces
  8786 | D:9      | Reached skill level 1 in Evocations
  9325 | D:9      | Found Zovvudab's Changing Room.
  9336 | D:9      | Bought a wand of polymorph (7) for 137 gold pieces
  9336 | D:9      | Bought a potion of mutation for 112 gold pieces
  9336 | D:9      | Bought 2 potions of lignification for 84 gold pieces
  9450 | D:9      | Found a large runed translucent door.
  9451 | D:9      | Found a large runed translucent door.
  9562 | D:9      | Found a broken altar of Ashenzari.
  9578 | D:9      | Found a shadowy altar of Dithmenos.
  9683 | D:9      | Noticed a two-headed ogre
  9699 | D:9      | Slain by a two-headed ogre

Illustrated notes

Levels and vault maps discovered:
D:1:      dpeg_arrival_signposts, layout_loops_ring,
          shapermc_ecumenical_altar_venn
D:2:      layout_rooms, chequers_serial_rivers_small_3
D:3:      layout_rooms, lemuel_doored_altar, uniq_jessica
D:4:      layout_loops_corners, fedhas_ov_isle_minmay, serial_shops,
          nicolae_shop_bloodbath_and_beyond,
          nicolae_concentric_dashed_squares_mild, grunt_ministairs_6
D:5:      layout_gridville, minmay_starry_boxes
D:6:      layout_cave_pools, temple_fountains
D:7:      layout_basic, pdpol_wu_jian_five_deadly_venoms, uniq_menkaure
D:8:      layout_loops_ring, nrook_mini_vaults, grunt_decor_resistance,
          serial_bayou_pond_e
D:9:      layout_basic, mainiacjoe_overflow_24_doors, jmf_multi_god_temple2,
          nicolae_transmutations_shop
Temple:   nicolae_temple_great_sept

Skill      XL: |  1  2  3  4  5  6  7  8  9 10 |
---------------+-------------------------------+-----
Maces & Flails | 3 4 5 7 9 |  9.9
Fighting       | 4 5 6 7 8 |  8.2
Shields        | 4 5 6 |  6.0
Throwing       | 1 2 4 5 |  5.8
Invocations    | 3 4 |  4.0
Evocations     | 1 |  1.9
Armour         | 4 |  4.2

Action                   |  1- 3 |  4- 6 |  7- 9 | 10-12 || total
-------------------------+-------+-------+-------+-------++-------
Melee: Flail             |    93 |   168 |   324 |   135 ||   720
       Whip              |       |       |       |    37 ||    37
  Use: Potion            |       |     1 |     1 |     1 ||     3
       Scroll            |       |       |    11 |     2 ||    13
Armor: Scale mail        |    56 |   131 |   226 |       ||   413
       Ring mail         |       |       |    18 |    92 ||   110
Dodge: Dodged            |    46 |    76 |   190 |    85 ||   397
Block: Buckler           |    26 |    33 |   103 |    25 ||   187
